 Dungeon Crawl Stone Soup version 0.29.0-13-gc9e81de378 (webtiles) character file.

Game seed: 8128434849816752415

36 AbrileMaio the Sneak (level 3, 0/16 HPs)
             Began as a Spriggan Enchanter on Sept 8, 2022.
             Succumbed to an adder's poison
             ... on level 4 of the Dungeon.
             The game lasted 00:05:09 (1785 turns).

AbrileMaio the Sneak (Spriggan Enchanter)           Turns: 1785, Time: 00:05:10

Health: 0/16       AC:  2    Str:  6    XL:     3   Next: 19%
Magic:  17/17      EV: 17    Int: 16    God:
Gold:   101        SH:  0    Dex: 15    Spells: 7/7 levels left

rFire   . . .      SeeInvis +   p - +0 rapier
rCold   . . .      Faith    .   (no shield)
rNeg    . . .      Spirit   .   b - +0 robe
rPois   .          Reflect  .   (helmet restricted)
rElec   .          Harm     .   m - scarf {shadows}
rCorr   +          Rampage  .   (gloves unavailable)
Will    .....                   (boots unavailable)
Stlth   +++.......              (no amulet)
HPRegen 0.05/turn               h - ring of magical power
MPRegen 0.15/turn               r - ring of resist corrosion

@: lethally poisoned (0 -> -7), very quick
A: very small, no large weapons, unfitting armour, see invisible, speed 3
a: no special abilities


You were on level 4 of the Dungeon.
You visited 1 branch of the dungeon, and saw 5 of its levels.

You collected 101 gold pieces.

Inventory:

Hand Weapons
 a - a +1 dagger
 p - a +0 rapier (weapon)
Missiles
 g - 10 stones (quivered)
 n - 3 poisoned darts
Armour
 b - a +0 robe (worn)
 m - a scarf of shadows (worn)
Jewellery
 h - a ring of magical power (left hand)
 r - a ring of resist corrosion (right hand)
Wands
 q - a wand of flame (16)
Scrolls
 d - 3 scrolls of identify
 e - a scroll of amnesia
 f - a scroll of noise {unknown}
 l - a scroll of poison {unknown}
 o - a scroll of vulnerability {unknown}
Potions
 c - 2 potions of invisibility
 i - 2 potions of brilliance {unknown}
 j - a potion of resistance {unknown}
 k - a potion of berserk rage {unknown}


   Skills:
 + Level 3.5 Short Blades
 - Level 2.6 Dodging
 - Level 4.4 Stealth
 - Level 2.6 Spellcasting
 - Level 3.6 Hexes


You had 7 spell levels left.
You didn't know any spells.
Your spell library contained the following spells:

 Spells                   Type           Power      Damage    Failure   Level
 Confusing Touch          Hex            13%        N/A       13%         3
 Tukima's Dance           Hex            13%        N/A       13%         3
 Ensorcelled Hibernation  Hex/Ice        14%        N/A       14%         2
 Dazzling Flash           Conj/Hex       14%        N/A       28%         3


Dungeon Overview and Level Annotations

Branches:
Dungeon (5/15)
 Temple: D:4-7

Altars:


Innate Abilities, Weirdness & Mutations

You are very small and have problems with some larger weapons.
You are too small for most types of armour.
You have supernaturally acute eyesight. (SInv)
You cover ground extremely quickly. (Speed+++)


Message History

You now have 101 gold pieces (gained 14).
Found a sedimented grey potion.
There is a stone staircase leading down here.
You climb downwards.
Found a stone staircase leading up.
There is a stone staircase leading up here.
The adder hisses angrily.
Found a leather armour.
The adder completely misses you.
You miss the adder. The adder bites you.
You completely miss the adder. The adder bites you.
You are poisoned.
The adder poisons you! The adder completely misses you.
You closely miss the adder.
You feel sick. The adder completely misses you.
You hit the adder.
The adder is heavily wounded.
You feel sick. The adder closely misses you.
You feel sick.
There is a stone staircase leading up here.
You feel sick. The adder closely misses you.
You climb upwards.
You feel sick.
You are no longer poisoned.
There is a stone staircase leading down here.
You closely miss the adder.
The adder is heavily wounded.
The adder barely misses you. x2
You closely miss the adder.
The adder is heavily wounded.
The adder bites you.
You miss the adder.
The adder is heavily wounded.
The adder misses you.
You completely miss the adder.
The adder is heavily wounded.
The adder closely misses you. The adder bites you.
* * * LOW HITPOINT WARNING * * *
You are lethally poisoned!
The adder poisons you!
You hit the adder.
The adder is heavily wounded.
You die...

... ..! ### ... ..#
.. #.####.#
##.###.#..#.#
#....#S#....#
......@##...####
####.#....#....#
#........##.#
#....#†#.# .#
#####.....#.# .#
..........#.. .#
#########.#.###.#.#
#.........#... ....
#<##...##.####.##.


You could see an adder.

Vanquished Creatures
  4 dart slugs
  An endoplasm (D:1)
  5 hobgoblins
  5 kobolds
  2 quokkas
  2 ball pythons
  A bat (D:1)
  3 goblins
  4 rats
27 creatures vanquished.

Notes
Turn   | Place    | Note
-------+----------+-------------------------------------------
     0 | D:1      | AbrileMaio the Spriggan Enchanter began the quest for the
                  | Orb.
     0 | D:1      | Reached XP level 1. HP: 9/9 MP: 5/5
   360 | D:1      | Reached XP level 2. HP: 13/13 MP: 6/6
  1379 | D:2      | Reached XP level 3. HP: 16/16 MP: 8/8
  1770 | D:5      | Entered Level 5 of the Dungeon
  1785 | D:4      | Succumbed to an adder's poison

Illustrated notes

Levels and vault maps discovered:
D:1:      scummos_arrival_gate, layout_loops_corners, kennysheep_boxes
D:2:      layout_loops_ring
D:3:      layout_loops_ring, marbit_many_paths, kennysheep_vampire_church,
          minivault_25, minmay_strange_pillars
D:4:      layout_basic, minmay_vboxes
D:5:      layout_loops_corners, uniq_duvessa, uniq_pikel

Skill      XL: |  1  2 |
---------------+-------+-----
Short Blades   | 2 3 |  3.5
Dodging        | |  2.6
Stealth        | |  4.4
Spellcasting   | |  2.6
Hexes          | |  3.6

Action                   || total
-------------------------++-------
Melee: Dagger            ||    73
       Rapier            ||    12
  Use: Scroll            ||     1
 Stab: Sleeping          ||    11
Armor: Robe              ||     1
Dodge: Dodged            ||    45
